 Dungeon Crawl Stone Soup version 0.31-a0-1074-g0b22e4e0f1 (webtiles) character file.

Game seed: 7979132065442209136

2512 BigPumpCobain the Grappler (level 9, -2/132 HPs)
             Began as a Troll Shapeshifter on Dec 7, 2023.
             Was a Priest of Okawaru.
             Slain by a gnoll sergeant
             ... wielding a +1 antimagic spear
              (17 damage)
             ... on level 7 of the Dungeon.
             The game lasted 00:08:55 (4543 turns).

BigPumpCobain the Grappler (Troll Shapeshifter)     Turns: 4543, Time: 00:08:55

Health: -2/132     AC: 24    Str: 28    XL:     9   Next: 28%
Magic:  2/8        EV:  1    Int:  6    God:    Okawaru [***...]
Gold:   988        SH:  0    Dex: 15    Spells: 8/8 levels left

rFire   . .          .
                       - Unarmed
rCold   . . .        (no shield)
rNeg    . . .        a - melded +0 animal skin
rPois   +            (helmet currently unavailable)
rElec   .            (cloak currently unavailable)
rCorr   .            (gloves unavailable)
SInv    .            (boots unavailable)
Will    .....        s - amulet of regeneration
Stlth   +            n - ring "Reesesul" {Dex+6 Slay+3}
HPRegen 2.02/turn    h - +5 ring of evasion
MPRegen 0.11/turn

%: no passive effects
@: tree-form
A: stationary, stasis, torment immunity, boosted hp, large, unfitting armour,
(claws 3), regeneration 1, (shaggy fur 1), (tough skin 1)
a: Renounce Religion, Heroism


You were on level 7 of the Dungeon.
You worshipped Okawaru.
Okawaru was most pleased with you.
You were a tree.
You visited 2 branches of the dungeon, and saw 8 of its levels.

You collected 1348 gold pieces.
You spent 360 gold pieces at shops.

Inventory:

Armour
 a - a +0 animal skin (melded)
Jewellery
 h - a +5 ring of evasion (right branch)
 n - the ring "Reesesul" (left branch) {Dex+6 Slay+3}
   (You found it on level 2 of the Dungeon)

   [ring of dexterity]

   Dex+6:     It affects your dexterity (+6).
   Slay+3:    It affects your accuracy & damage with ranged weapons and melee
   (+3).
 s - an amulet of regeneration (around neck)
 C - a +5 ring of evasion
 G - an amulet of faith
Talismans
 c - a beast talisman
 d - a flux talisman
Wands
 B - a wand of light (8)
Scrolls
 g - 8 scrolls of teleportation
 k - a scroll of enchant weapon
 m - 2 scrolls of poison
 q - 2 scrolls of enchant armour {unknown}
 r - a scroll of fear {unknown}
 u - a scroll of immolation {unknown}
 v - 3 scrolls of identify
 w - 2 scrolls of noise
 y - a scroll of silence {unknown}
 A - a scroll of blinking {unknown}
 F - a scroll of vulnerability {unknown}
Potions
 b - a potion of lignification
 e - 2 potions of magic
 f - 2 potions of curing {unknown}
 i - 2 potions of ambrosia {unknown}
 j - 3 potions of heal wounds {unknown}
 l - a potion of might {unknown}
 o - a potion of mutation {unknown}
 p - 2 potions of haste {unknown}
 t - a potion of cancellation {unknown}
 x - a potion of enlightenment {unknown}
 z - 2 potions of attraction {unknown}
 D - a potion of degeneration {unknown}
 E - a potion of berserk rage {unknown}


   Skills:
 + Level 5.2 Fighting
 - Level 1.5 Dodging
 * Level 9.5 Unarmed Combat
 + Level 6.4 Shapeshifting


You had 8 spell levels left.
You didn't know any spells.
Your spell library contained the following spells:

 Spells                   Type           Power      Damage    Failure   Level
 Sting                    Tmut/Pois      0%         1d3       45%         1
 Ensorcelled Hibernation  Hex/Ice        0%         N/A       58%         2
 Jinxbite                 Hex            0%         N/A       58%         2
 Lesser Beckoning         Tloc           0%         N/A       58%         2
 Poisonous Vapours        Pois/Air       0%         N/A       58%         2
 Sublimation of Blood     Necr           0%         N/A       58%         2
 Wereblood                Tmut           0%         N/A       58%         2
 Gell's Gravitas          Tloc           0%         N/A       83%         3
 Teleport Other           Tloc           0%         N/A       83%         3
 Anguish                  Hex/Necr       0%         N/A       99%         4
 Olgreb's Toxic Radiance  Pois           0%         N/A       99%         4
 Summon Hydra             Summ           Unusable   N/A       N/A         7

Dungeon Overview and Level Annotations

Branches:
Dungeon (7/15)             Temple (1/1) D:4

Altars:
Ashenzari
Cheibriados
Dithmenos
Elyvilon
Fedhas
Hepliaklqana
Kikubaaqudgha
Makhleb
Nemelex Xobeh
Okawaru
Qazlal
Ru
Sif Muna
Trog
Vehumet
Wu Jian
Xom
Yredelemnul
The Shining One

Shops:
D:2 !   D:4 =   D:5 [   D:6 (:?

Portals:
Ossuary: D:5

Annotations:
D:7 1 transporter, grandjackal's ghost, novice DjCA


Innate Abilities, Weirdness & Mutations

You are a tree.
Your roots penetrate the ground, keeping you stationary.
You cannot be teleported.
You are immune to unholy pain and torment.
Your maximum health is greatly increased.
Your equipment is partially melded.
You are too large for most types of armour.
((You have claws for hands.))
Your natural rate of healing is unusually fast.
((You are covered in fur. (AC +1)))
((You have tough skin. (AC +1)))


Message History

You are too injured to fight recklessly!
You are too injured to fight recklessly!
You are too injured to fight recklessly!
You are too injured to fight recklessly!
You are too injured to fight recklessly!
You are too injured to fight recklessly!
You are too injured to fight recklessly!
You are too injured to fight recklessly!
You are too injured to fight recklessly!
You are too injured to fight recklessly!
You are too injured to fight recklessly!
You are too injured to fight recklessly!
You are too injured to fight recklessly!
You are too injured to fight recklessly!
You are too injured to fight recklessly!
You are too injured to fight recklessly!
You are too injured to fight recklessly!
You are too injured to fight recklessly!
You are too injured to fight recklessly!
You are too injured to fight recklessly!
You are too injured to fight recklessly!
You are too injured to fight recklessly!
Unknown command.
Your transformation has ended.
You turn into a tree.
Your +0 animal skin melds into your body.
Your roots penetrate the ground.
The gnoll sergeant hits you with a +1 antimagic spear.
The moth of wrath bites you!
* * * LOW HITPOINT WARNING * * *
The two-headed ogre hits you but does no damage.
The two-headed ogre hits you with a +0 great mace of flaming!
* * * LOW HITPOINT WARNING * * *
The two-headed ogre burns you.
* * * LOW HITPOINT WARNING * * *
Grandjackal's ghost points at you and mumbles some strange words.
The magic dart hits you but does no damage.
The gnoll sergeant hits you but does no damage.
The gnoll sergeant hits you with a +1 antimagic spear!
You die...

##..#. ..
#..### #..
. $$)≈ .#.
.#
._.###©#.
#. .....#
#. !...#
#..###Wg..#
#..)g..#
#O♣y# ####
##### #...
...©...
#.##
##.......#
#.##
##......#
#...
##+#####
#.####
#.....
######


You could see a two-headed ogre (berserk), a moth of wrath, 2 gnoll sergeants
and grandjackal's ghost.

Vanquished Creatures
  Menkaure (D:5)
  3 orc warriors
  3 sky beasts
  2 ice beasts
  An ogre (D:7)
  A phantom (D:6)
  A kobold brigand (D:6)
  A bullfrog (D:7)
  2 gnoll sergeants
  4 scorpions
  A water moccasin zombie (D:3)
  2 howler monkeys (D:5)
  5 hounds
  6 orc priests
  An iguana (D:4)
  A sleepcap (D:6)
  4 orc wizards
  A scorpion zombie (D:3)
  9 adders
  14 gnolls
  A white imp (D:5)
  An adder zombie (D:3)
  A worm (D:2)
  2 dart slugs
  32 orcs
  5 ball pythons
  8 endoplasms
  3 giant cockroaches
  5 goblins
  7 hobgoblins
  10 jackals
  5 quokkas
  7 bats
  4 frilled lizards
  10 kobolds
  A quokka zombie (D:3)
  4 rats
169 creatures vanquished.

Notes
Turn   | Place    | Note
-------+----------+-------------------------------------------
     0 | D:1      | BigPumpCobain the Troll Shapeshifter began the quest for
                  | the Orb.
     0 | D:1      | Reached XP level 1. HP: 18/18 MP: 0/0
   170 | D:1      | Reached skill level 1 in Fighting
   174 | D:1      | Reached XP level 2. HP: 22/27 MP: 1/1
   196 | D:1      | Identified a scroll of acquirement
   196 | D:1      | Acquired 1012 gold pieces
   329 | D:1      | Found a faded altar of an unknown god.
   958 | D:2      | Found Wuifok's Distillery.
  1012 | D:2      | Reached XP level 3. HP: 33/33 MP: 2/2
  1201 | D:2      | Reached skill level 4 in Unarmed Combat
  1269 | D:2      | Identified the ring "Reesesul" {Dex+6 Slay+3}
  1605 | D:3      | Reached XP level 4. HP: 42/42 MP: 3/3
  1661 | D:3      | Found a radiant altar of Vehumet.
  1779 | D:3      | Reached XP level 5. HP: 42/49 MP: 4/4
  1787 | D:3      | Found a basalt altar of Yredelemnul.
  1882 | D:3      | Reached skill level 5 in Unarmed Combat
  1967 | D:3      | Found a faded altar of an unknown god.
  1974 | D:3      | Found a sparkling altar of Nemelex Xobeh.
  2086 | D:4      | Reached XP level 6. HP: 59/59 MP: 5/5
  2225 | D:4      | Noticed an ice beast
  2234 | D:4      | Killed an ice beast
  2235 | D:4      | Reached skill level 6 in Unarmed Combat
  2235 | D:4      | Reached XP level 7. HP: 43/67 MP: 6/6
  2422 | D:4      | Found Waluifro's Jewellery Shop.
  2432 | D:4      | Bought an amulet of regeneration for 360 gold pieces
  2571 | D:4      | Found a staircase to the Ecumenical Temple.
  2851 | Temple   | Entered the Ecumenical Temple
  2864 | Temple   | Became a worshipper of Warmaster Okawaru
  2887 | D:5      | Entered Level 5 of the Dungeon
  2973 | D:5      | Reached * piety under Okawaru
  2997 | D:5      | Reached skill level 7 in Unarmed Combat
  2997 | D:5      | Reached skill level 5 in Shapeshifting
  3026 | D:5      | Noticed Menkaure
  3032 | D:5      | Killed Menkaure
  3033 | D:5      | Reached XP level 8. HP: 78/78 MP: 7/7
  3056 | D:5      | Found a sand-covered staircase.
  3061 | D:5      | Found Gabb's Antique Armour Shoppe.
  3071 | D:5      | Identified the +1 leather armour of Dogma {Rampage}
  3278 | D:5      | Found a shimmering blue altar of Sif Muna.
  3604 | D:6      | Reached ** piety under Okawaru
  3610 | D:6      | Reached skill level 8 in Unarmed Combat
  3638 | D:6      | Found Vauz Zuna's Weapon Shop.
  3859 | D:6      | Found Bineshri's Magic Scroll Boutique.
  4086 | D:6      | Found Wonaes's Book Boutique.
  4223 | D:6      | Reached skill level 9 in Unarmed Combat
  4223 | D:6      | Reached XP level 9. HP: 79/87 MP: 8/8
  4310 | D:7      | Reached skill level 5 in Fighting
  4348 | D:7      | Reached *** piety under Okawaru
  4526 | D:7      | Found a transporter.
  4537 | D:7      | Found a bloodstained altar of Trog.
  4538 | D:7      | Noticed a two-headed ogre
  4538 | D:7      | Noticed a moth of wrath
  4538 | D:7      | Found a transporter.
  4539 | D:7      | Noticed grandjackal's ghost (novice DjCA)
  4543 | D:7      | Slain by a gnoll sergeant

Illustrated notes

Levels and vault maps discovered:
D:1:      dpeg_arrival_short_road, layout_basic,
          hellmonk_ecumenical_altar_leap_of_faith, minmay_pentomino_u4
D:2:      layout_basic, serial_shops, shop
D:3:      layout_rooms, mainiacjoe_overflow_catwalk,
          nicolae_overflow_ecumenical_swirl, nicolae_yredelemnul_corpse_copse
D:4:      layout_basic, minmay_temple_entry_junction, serial_shops, shop
D:5:      layout_cave_pools, led_sif_pool, serial_shops, shop,
          mainiacjoe_ossuary_entry_dusty_tomb, uniq_menkaure
D:6:      layout_loops_ring, serial_shops, kennysheep_mini,
          nicolae_lakefront_shop, shop, nicolae_benzene_ring, grunt_tough_drop
D:7:      layout_basic, mainiacjoe_overflow_cross_hatched,
          gammafunk_ghost_wrathful_warriors
Temple:   nicolae_temple_superstar

Skill      XL: |  1  2  3  4  5  6  7  8  9 |
---------------+----------------------------+-----
Fighting       | 1 2 3 4 5 |  5.2
Unarmed Combat | 4 5 6 7 9 |  9.5
Shapeshifting  | 4 5 6 |  6.4
Dodging        | |  1.5

Action                     |  1- 3 |  4- 6 |  7- 9 || total
---------------------------+-------+-------+-------++-------
  Melee: Unarmed           |   103 |    79 |   201 ||   383
         Punch             |       |     1 |     5 ||     6
 Invoke: Heroism           |       |       |     1 ||     1
    Use: Scroll            |     6 |     1 |       ||     7
         Potion            |       |       |     1 ||     1
 Armour: Animal skin       |    65 |    33 |    90 ||   188
         Skin              |       |       |     7 ||     7
  Dodge: Dodged            |    47 |    44 |   136 ||   227

Table legend: (Time is in decaauts)
 A = Elapsed time spent in this place.
 B = Non-inter-level travel time spent in this place.
 C = Inter-level travel time spent in this place.
 D = Time resting spent in this place.
 E = Time spent auto-exploring this place.
 F = Levels seen in this place.
 G = Mean time per level.
                   A        B        C        D        E       F      G
               +--------+--------+--------+--------+--------+-----+--------+
         Total |   4494 |   4317 |    177 |      0 |   3493 |   8 |  561.8 |
       Dungeon |   4468 |   4305 |    163 |      0 |   3493 |   7 |  638.3 |
        Temple |     26 |     13 |     13 |      0 |      0 |   1 |   26.0 |
               +--------+--------+--------+--------+--------+-----+--------+

Top non-repeatable levels by time:
     D:1: 951 daAuts
     D:6: 875 daAuts
     D:4: 778 daAuts
     D:2: 586 daAuts
     D:3: 525 daAuts
     D:5: 473 daAuts
     D:7: 278 daAuts
  Temple: 26 daAuts
